 Dungeon Crawl Stone Soup version 0.29.1-1-gd02db6906a (webtiles) character file.

Game seed: 7470934083144784640

6345 GreyHunter the Grappler (level 10, -12/91 HPs)
             Began as a Ghoul Gladiator on Sept 20, 2022.
             Was a Believer of Makhleb.
             Mangled by a two-headed ogre
             ... wielding a +0 giant club
              (26 damage)
             ... on level 10 of the Dungeon.
             The game lasted 01:02:19 (12156 turns).

GreyHunter the Grappler (Ghoul Gladiator)          Turns: 12156, Time: 01:02:24

Health: -12/91     AC: 15    Str: 19    XL:     10   Next: 96%
Magic:  0/9        EV: 10    Int:  9    God:    Makhleb [**....]
Gold:   577        SH:  0    Dex: 14    Spells: 9/9 levels left

rFire   . . .      SeeInvis .     - Unarmed
rCold   + + .      Faith    .   (no shield)
rNeg    + + +      Spirit   +   M - +3 chain mail
rPois   ∞          Reflect  .   b - +0 helmet
rElec   .          Harm     .   v - +0 cloak
rCorr   .          Rampage  .   (no gloves)
Will    .....                   (no boots)
Stlth   ..........              u - amulet of guardian spirit
HPRegen 0.00/turn               k - ring of protection from cold
MPRegen 0.11/turn               H - +6 ring of intelligence

@: brilliant, inhibited regen
A: claws 1, cold resistance 1, negative energy resistance 3, inhibited
regeneration, torment resistance 2, devour on kill
a: Renounce Religion, Minor Destruction


You were on level 10 of the Dungeon.
You worshipped Makhleb.
Makhleb was pleased with you.
You visited 1 branch of the dungeon, and saw 11 of its levels.

You collected 616 gold pieces.
You spent 39 gold pieces at shops.

Inventory:

Hand Weapons
 n - the +8 quarterstaff "Plojy" {flame, Dex+6}
   (You found it on level 2 of the Dungeon)

   It burns those it strikes, dealing additional fire damage.
   Dex:       It affects your dexterity (+6).
 N - the +4 war axe "Dragon's Curse" {drain, rPois rN+ Str+7 Int-2}
   (You found it on level 9 of the Dungeon)

   A truly terrible weapon, it drains the life of any living foe it strikes.
   Str:       It affects your strength (+7).
   Int:       It affects your intelligence (-2).
   rPois:     It protects you from poison.
   rN:        It protects you from negative energy.
Missiles
 c - 3 throwing nets (quivered)
 d - a javelin
Armour
 b - a +0 helmet (worn)
 v - a +0 cloak (worn)
 J - a +1 scale mail of cold resistance
 L - a +2 leather armour of poison resistance
 M - a +3 chain mail (worn)
Jewellery
 k - a ring of protection from cold (left claw)
 u - an amulet of guardian spirit (around neck)
 H - a +6 ring of intelligence (right claw)
Wands
 l - a wand of paralysis (6)
 B - a wand of polymorph (10)
 F - a wand of roots (22)
Scrolls
 f - 2 scrolls of identify
 g - 4 scrolls of butterflies
 h - 5 scrolls of teleportation
 i - a scroll of magic mapping
 j - 2 scrolls of noise
 p - a scroll of enchant armour
 s - a scroll of acquirement
 t - a scroll of brand weapon {unknown}
 w - a scroll of immolation
 y - 4 scrolls of fear
 E - 2 scrolls of vulnerability {unknown}
 K - a scroll of enchant weapon
Potions
 a - a potion of lignification
 e - a potion of might
 m - a potion of resistance {unknown}
 o - a potion of cancellation {unknown}
 r - 2 potions of mutation
 x - 3 potions of flight
 z - 2 potions of berserk rage
 A - a potion of brilliance
 D - 2 potions of attraction {unknown}
 G - 3 potions of haste
 I - 2 potions of invisibility


   Skills:
 - Level 9.4 Fighting
 - Level 1.7 Throwing
 - Level 6.0 Armour
 - Level 6.9 Dodging
 + Level 11.6 Unarmed Combat


You had 9 spell levels left.
You didn't know any spells.
Your spell library contained the following spells:

 Spells                   Type           Power      Damage    Failure   Level
 Apportation              Tloc           0%         N/A       99%         1
 Magic Dart               Conj           0%         1d3       99%         1
 Shock                    Conj/Air       0%         1d3       99%         1
 Searing Ray              Conj           0%         2d4       99%         2
 Static Discharge         Conj/Air       0%         3-3/arc   99%         2
 Ignite Poison            Fire/Tmut/Pois 0%         N/A       100%        3
 Mephitic Cloud           Conj/Pois/Air  0%         N/A       100%        3
 Stone Arrow              Conj/Erth      0%         3d7       100%        3
 Swiftness                Air            0%         N/A       100%        3
 Airstrike                Air            0%         2d(0-16)  100%        4
 Animate Armour           Summ/Erth      0%         N/A       100%        4
 Dispel Undead            Necr           0%         3d6       100%        4
 Fulminant Prism          Conj/Hex       0%         3d6       100%        4
 Leda's Liquefaction      Hex/Erth       0%         N/A       100%        4
 Sticky Flame             Conj/Fire      0%         2d3       100%        4
 Alistair's Intoxication  Tmut/Pois      0%         N/A       100%        5
 Freezing Cloud           Conj/Ice/Air   0%         6-21      100%        5
 Lee's Rapid Deconstruct  Erth           0%         3d5*      100%        5
 Lehudib's Crystal Spear  Conj/Erth      0%         10d2      100%        8
 Statue Form              Tmut/Erth      Unusable   N/A       N/A         6

Dungeon Overview and Level Annotations

Branches:
Dungeon (11/15)            Temple (0/1) D:7
   Lair: D:8-11         Orc: D:9-12

Altars:
Cheibriados
Fedhas
Hepliaklqana
Makhleb
Nemelex Xobeh
Okawaru
Ru
Xom
Yredelemnul

Shops:
D:7 *

Annotations:
D:3 3 runed translucent doors, pzskc383's ghost, amateur GrFi
D:11 Sonja


Innate Abilities, Weirdness & Mutations

You are immune to poison.
You have sharp fingernails.
Your flesh is cold resistant. (rC+)
You are immune to negative energy. (rN+++)
You do not regenerate when monsters are visible.
You are immune to unholy pain and torment.
You thrive by killing the living.


Message History

Makhleb accepts your kill.
You start resting.
You feel a little less mighty now.
You start resting.
Magic restored.
You start resting.
HP restored.
You see here a +0 mace.
There is a stone staircase leading down here.
You climb downwards.
Level annotation: Sonja The two-headed ogre hits you with a +0 giant club! x2
There is a stone staircase leading up here.
Your unliving flesh cannot be transformed in this way.
You barely miss the two-headed ogre. The two-headed ogre barely misses you.
The two-headed ogre hits you with a +0 giant club.
You mangle the two-headed ogre!!
The two-headed ogre is heavily wounded.
Sonja casts a spell.
Sonja blinks!
You barely miss the two-headed ogre.
The two-headed ogre is heavily wounded.
The two-headed ogre hits you with a +0 giant club!!
The two-headed ogre hits you with a +0 giant club!
You barely miss the two-headed ogre.
The two-headed ogre is heavily wounded.
You claw the two-headed ogre!
You claw the two-headed ogre, but do no damage.
The two-headed ogre is severely wounded.
The two-headed ogre hits you with a +0 giant club!!
* * * LOW HITPOINT WARNING * * *
The two-headed ogre barely misses you.
Sonja zaps a wand.
The puff of flame hits you but does no damage.
Sonja throws a curare-tipped dart.
The curare-tipped dart hits you.
You climb upwards.
There is a stone staircase leading down here.
You feel clever all of a sudden.
The two-headed ogre hits you with a +0 giant club!!
You die...

## #. #. ##### #######
##..## ########.....#
#..... #.<....#.O...#
#..... #......#@....#
#.....
#.....##..).#############
#.....###+##.....#......<
#.....#......#...'.......
#.....#......'...#.......
#.....#......##..#.......
#.....##.....##..##'####.
#.....#########........#.
#.....#................+.


You could see a two-headed ogre.

Vanquished Creatures
  A gargoyle (D:10)
  Joseph (D:7)
  A kobold demonologist (D:11)
  Grinder (D:6)
  Sigmund (D:3)
  5 yaks (D:10)
  A wyvern (D:10)
  7 vampire mosquitoes (D:10)
  2 ice beasts
  An orc warrior (D:6)
  2 black bears
  An ogre (D:4)
  3 centaurs
  2 phantoms (D:7)
  2 necrophages (D:5)
  3 scorpions
  4 bullfrogs
  2 gnoll sergeants
  10 wights
  8 killer bees
  3 howler monkeys
  2 jellies
  7 hounds
  5 orc priests
  An iguana (D:5)
  8 orc wizards
  2 gnolls (D:11)
  4 adders
  2 shadow imps (D:7)
  A white imp (D:7)
  An ufetubus (D:6)
  3 worms (D:3)
  A dart slug (D:3)
  28 orcs
  5 endoplasms
  A giant cockroach (D:1)
  5 goblins
  A hobgoblin (D:4)
  2 jackals (D:1)
  4 kobolds
  3 quokkas
  7 ball pythons
  4 bats
  5 frilled lizards
  3 rats (D:1)
166 creatures vanquished.

Vanquished Creatures (others)
  An orc wizard (D:9)
  An orc (D:5)
  5 fungi (D:5)
7 creatures vanquished.

Grand Total: 173 creatures vanquished

Notes
Turn   | Place    | Note
-------+----------+-------------------------------------------
     0 | D:1      | GreyHunter the Ghoul Gladiator began the quest for the Orb.
     0 | D:1      | Reached XP level 1. HP: 17/17 MP: 0/0
   184 | D:1      | Reached XP level 2. HP: 21/24 MP: 1/1
   188 | D:1      | Reached skill level 4 in Unarmed Combat
   506 | D:1      | Found a faded altar of an unknown god.
   819 | D:2      | Reached XP level 3. HP: 28/29 MP: 2/2
   826 | D:2      | Identified the +8 quarterstaff "Plojy" {flame, Dex+6}
   872 | D:2      | Found a shimmering altar of Xom.
  1336 | D:3      | Found a runed translucent gate.
  1336 | D:3      | Found a runed translucent gate.
  1338 | D:3      | Found a runed translucent gate.
  1342 | D:3      | Noticed pzskc383's ghost (amateur GrFi)
  1524 | D:3      | Reached skill level 5 in Unarmed Combat
  1532 | D:3      | Noticed Sigmund
  1885 | D:3      | Reached XP level 4. HP: 18/36 MP: 0/3
  2207 | D:4      | Noticed an ogre
  2207 | D:4      | You fall into a shaft and drop 1 floor!
  2207 | D:5      | Entered Level 5 of the Dungeon
  2230 | D:5      | Reached XP level 5. HP: 44/44 MP: 4/4
  2241 | D:5      | Noticed an ice beast
  2249 | D:5      | Killed an ice beast
  2250 | D:5      | Reached skill level 6 in Unarmed Combat
  2282 | D:5      | Reached XP level 6. HP: 47/53 MP: 5/5
  2322 | D:5      | Reached skill level 5 in Fighting
  2443 | D:5      | Reached XP level 7. HP: 27/61 MP: 1/6
  2613 | D:5      | Found a blossoming altar of Fedhas.
  2653 | D:5      | Reached skill level 7 in Unarmed Combat
  2767 | D:5      | Noticed an angel
  2783 | D:5      | Found a basalt altar of Yredelemnul.
  2794 | D:5      | Noticed a profane servitor
  3157 | D:4      | Identified a scroll of acquirement
  3960 | D:4      | Reached XP level 8. HP: 65/71 MP: 7/7
  4341 | D:3      | Reached skill level 8 in Unarmed Combat
  4372 | D:3      | Killed Sigmund
  5104 | D:6      | Reached skill level 9 in Unarmed Combat
  5321 | D:6      | Found a sparkling altar of Nemelex Xobeh.
  5322 | D:6      | Noticed Grinder
  5328 | D:6      | Killed Grinder
  5383 | D:6      | Found a burning altar of Makhleb.
  5389 | D:6      | Reached XP level 9. HP: 81/81 MP: 8/8
  5396 | D:6      | Became a worshipper of Makhleb the Destroyer
  5640 | D:6      | Reached skill level 10 in Unarmed Combat
  5731 | D:6      | Found an iron altar of Okawaru.
  5746 | D:6      | Identified the +2 robe "Peuxt" {rPois rC+ Int+5}
  6135 | D:7      | Noticed Joseph
  6144 | D:7      | Killed Joseph
  6378 | D:7      | Reached skill level 5 in Dodging
  7170 | D:7      | Found Gufibb's General Store.
  7173 | D:7      | Bought a potion of lignification for 39 gold pieces
  7220 | D:7      | Found a staircase to the Ecumenical Temple.
  7278 | D:7      | Found a snail-covered altar of Cheibriados.
  7322 | D:7      | Reached * piety under Makhleb
  8159 | D:8      | Reached XP level 10. HP: 91/91 MP: 9/9
  8762 | D:8      | Found a faded altar of an unknown god.
  8764 | D:8      | Found a hazy altar of Hepliaklqana.
  9133 | D:9      | Noticed a death yak
  9133 | D:9      | Noticed a death yak
  9235 | D:9      | Identified the +4 war axe "Dragon's Curse" {drain, rPois
                  | rN+ Str+7 Int-2}
  9278 | D:9      | Reached skill level 1 in Armour
  9394 | D:9      | Found a sacrificial altar of Ru.
  9452 | D:9      | Noticed a two-headed ogre
  9465 | D:10     | Entered Level 10 of the Dungeon
  9942 | D:10     | Reached skill level 5 in Armour
 10959 | D:9      | Reached ** piety under Makhleb
 11035 | D:9      | Noticed a death yak
 11035 | D:9      | Noticed a death yak
 11035 | D:9      | Noticed a death yak
 11036 | D:9      | Noticed a death yak
 11193 | D:10     | Noticed a gargoyle
 11345 | D:11     | Noticed a manticore
 11692 | D:11     | Noticed a manticore
 11735 | D:11     | Noticed a manticore
 11784 | D:11     | Noticed a kobold demonologist
 11794 | D:11     | Killed a kobold demonologist
 11795 | D:11     | Reached skill level 11 in Unarmed Combat
 11891 | D:11     | Noticed a two-headed ogre
 11895 | D:11     | Noticed Sonja
 11924 | D:10     | Killed a gargoyle
 12156 | D:10     | Mangled by a two-headed ogre

Illustrated notes

Levels and vault maps discovered:
D:1:      scummos_arrival_checkerplants, layout_loops_ring,
          shapermc_ecumenical_altar_acropolis, amcnicky_mini_corridor_feature,
          minmay_misc_feat_secret_circle
D:2:      layout_rooms, basic_altar, supply_closet_lemuel,
          corexii_hall_statues_s
D:3:      layout_basic, ebering_ghost_rock_garden, grunt_decor_arrowhead,
          grunt_ministairs_1, uniq_sigmund
D:4:      layout_basic
D:5:      layout_rooms, grunt_temple_overflow_holy_war,
          mainiacjoe_overflow_boulevard, minivault_24, kennysheep_generic_room_6
D:6:      layout_basic, nemelex_spade_bored_becter, makhleb_heckhound_becter,
          mainiacjoe_overflow_tiny_flanked, uniq_grinder
D:7:      layout_loops_corners, cheibriados_altar_1,
          minmay_temple_entry_statues_fountains, serial_shops,
          nicolae_shop_window_shopping, uniq_joseph
D:8:      layout_basic, beargit_hepliaklqana_dungeon_heroes
D:9:      layout_basic, mainiacjoe_overflow_six_doors_small, dpeg_lair_monsters
D:10:     layout_gridville
D:11:     layout_roguey, uniq_nergalle, uniq_sonja

Skill      XL: |  1  2  3  4  5  6  7  8  9 10 |
---------------+-------------------------------+-----
Unarmed Combat | 4 5 6 7 9 10 11 | 11.6
Fighting       | 4 5 6 7 9 |  9.4
Dodging        | 3 6 |  6.9
Armour         | 6 |  6.0
Throwing       | |  1.7

Action                   |  1- 3 |  4- 6 |  7- 9 | 10-12 || total
-------------------------+-------+-------+-------+-------++-------
Melee: Unarmed           |    55 |       |   269 |   196 ||   520
       Punch             |     1 |       |    10 |    15 ||    26
       Quarterstaff      |    28 |    24 |    22 |       ||    74
Evoke: Wand              |       |       |       |     1 ||     1
  Use: Scroll            |     4 |       |     9 |     5 ||    18
       Potion            |       |       |     4 |     6 ||    10
Armor: Leather armour    |    18 |       |    16 |       ||    34
       Scale mail        |     8 |     6 |     6 |     1 ||    21
       Ring mail         |       |       |    50 |       ||    50
       Chain mail        |       |       |       |   101 ||   101
Dodge: Dodged            |    52 |     9 |   146 |   106 ||   313
